General information
- name: BNet
- type: Ladder team game (AT/RT)
- host: Battle.net
- saver: IM_AFK
map: Deadlock
- players: 8
- length: 35:10
- speed: Fast
- version: 1.26 W3XP
- replay type: Public
» download(180 KB)
Players
team 1 (winner)
ChaOs)vS(OrDeR (
purple | 66 APM | 2331 actions | 35:09)
2 Archmage
1 Mass Teleport
1 Brilliance Aura
» actions
| Assign group hotkey | 40 | |
| Basic commands | 770 | |
| Build / train | 6 | |
| Enter build submenu | 7 | |
| Enter hero's abilities submenu | 2 | |
| Right click | 736 | |
| Select / deselect | 183 | |
| Select group hotkey | 553 | |
| Use ability | 34 | |
2331 total
» units
» buildings
» build order
23:11 Gryphon Aviary
23:12 Gryphon Aviary
23:12 Gryphon Aviary
25:46 Farm
25:46 Farm
WhosGotTheMota (
teal | 59 APM | 2083 actions | 35:09)
6 Archmage
3 Summon Water Elemental
3 Brilliance Aura
» actions
| Basic commands | 14 | |
| Build / train | 152 | |
| Enter build submenu | 46 | |
| Enter hero's abilities submenu | 9 | |
| Remove unit from queue | 19 | |
| Right click | 1277 | |
| Select / deselect | 479 | |
| Use ability | 87 | |
2083 total
» units
| Peasant | 36 | |
| Footman | 25 | |
| Sorceress | 4 | |
| Priest | 5 | |
| Mortar Team | 4 | |
| Rifleman | 3 | |
| Siege Engine | 6 | |
83 total
» upgrades
| Masonry | 5 | |
| Swords | 3 | |
| Plating | 5 | |
| Gunpowder | 6 | |
| Armor | 5 | |
| Lumber Harvesting | 4 | |
| Sorceress Training | 2 | |
| Flare | 1 | |
| Priest Training | 2 | |
| Barrage | 1 | |
| Fragmentation Shards | 1 | |
35 total
» buildings
| Altar of Kings | 2 | |
| Farm | 22 | |
| Barracks | 2 | |
| Town Hall | 7 | |
| Keep | 2 | |
| Lumber Mill | 2 | |
| Blacksmith | 2 | |
| Arcane Sanctum | 2 | |
| Workshop | 4 | |
| Castle | 2 | |
47 total
» build order
00:31 Altar of Kings
00:34 Altar of Kings
00:39 Farm
00:44 Farm
00:54 Barracks
01:00 Barracks
01:24 Farm
01:28 Farm
02:03 Farm
02:09 Farm
02:16 Farm
02:18 Farm
02:57 Farm
03:00 Farm
03:12 Farm
03:13 Farm
04:46 Town Hall
05:10 Keep
05:14 Lumber Mill
05:18 Blacksmith
05:21 Keep
05:26 Lumber Mill
05:59 Town Hall
06:23 Blacksmith
07:32 Arcane Sanctum
07:39 Arcane Sanctum
07:46 Workshop
07:49 Workshop
09:10 Farm
09:18 Farm
09:27 Farm
09:32 Castle
09:53 Farm
09:58 Farm
10:17 Farm
11:46 Castle
13:19 Workshop
13:22 Workshop
14:28 Farm
15:34 Farm
17:51 Town Hall
19:48 Farm
19:50 Farm
28:49 Town Hall
28:53 Town Hall
28:57 Town Hall
34:06 Town Hall
IM_AFK (
red | 78 APM | 2740 actions | 35:10)
7 Priestess of the Moon
3 Scout
3 Searing Arrows
1 Starfall
7 Beastmaster
3 Summon Quilbeast
3 Summon Bear
1 Stampede
5 Goblin Alchemist
3 Acid Bomb
2 Chemical Rage
» actions
| Assign group hotkey | 54 | |
| Basic commands | 408 | |
| Build / train | 97 | |
| ESC pressed | 11 | |
| Enter build submenu | 31 | |
| Enter hero's abilities submenu | 20 | |
| Give item / drop item | 2 | |
| Right click | 555 | |
| Select / deselect | 674 | |
| Select group hotkey | 476 | |
| Use ability | 412 | |
2740 total
» units
| Wisp | 34 | |
| Druid of the Claw | 11 | |
45 total
» upgrades
| Druid of the Claw Training | 2 | |
| Ultravision | 1 | |
| Strength of the Wild | 3 | |
| Well Spring | 1 | |
| Mark of the Claw | 1 | |
| Reinforced Hides | 3 | |
| Nature's Blessing | 1 | |
12 total
» buildings
| Altar of Elders | 2 | |
| Moon Well | 6 | |
| Ancient of Wonders | 1 | |
| Tree of Ages | 1 | |
| Hunter's Hall | 1 | |
| Ancient of Lore | 2 | |
| Tree of Eternity | 1 | |
| Tree of Life | 3 | |
| Ancient Protector | 9 | |
26 total
» build order
00:10 Altar of Elders
00:23 Moon Well
01:37 Moon Well
01:48 Ancient of Wonders
02:41 Tree of Ages
02:51 Hunter's Hall
03:31 Moon Well
04:43 Moon Well
05:22 Ancient of Lore
05:27 Ancient of Lore
06:29 Tree of Eternity
08:16 Tree of Life
09:57 Moon Well
11:57 Moon Well
14:44 Ancient Protector
14:47 Ancient Protector
14:51 Ancient Protector
15:36 Tree of Life
19:33 Tree of Life
20:16 Ancient Protector
20:18 Ancient Protector
20:20 Ancient Protector
20:23 Ancient Protector
33:03 Altar of Elders
33:06 Ancient Protector
33:09 Ancient Protector
» items
| Scroll of Town Portal | 4 | |
| Potion of Healing | 10 | |
| Orb of Venom | 1 | |
| Staff of Preservation | 1 | |
16 total
team 2 (loser)

»
mblaze3 (
yellow | 49 APM | 1289 actions | 26:22)
4 Archmage
1 Summon Water Elemental
2 Brilliance Aura
1 Blizzard
» actions
| Basic commands | 12 | |
| Build / train | 89 | |
| Enter build submenu | 32 | |
| Enter hero's abilities submenu | 4 | |
| Remove unit from queue | 7 | |
| Right click | 764 | |
| Select / deselect | 317 | |
| Use ability | 64 | |
1289 total
» units
| Peasant | 15 | |
| Acolyte | 2 | |
| Footman | 4 | |
| Ghoul | 2 | |
| Rifleman | 3 | |
| Dragonhawk Rider | 3 | |
| Knight | 6 | |
| Flying Machine | 1 | |
| Siege Engine | 5 | |
| Crypt Fiend | 3 | |
| Gryphon Rider | 1 | |
| Mortar Team | 3 | |
48 total
» upgrades
| Lumber Harvesting | 2 | |
| Long Rifles | 0 | |
| Gunpowder | 1 | |
| Armor | 1 | |
| Flying Machine Bombs | 0 | |
| Flak Cannons | 0 | |
| Barrage | 1 | |
| Web | 1 | |
| Storm Hammers | 1 | |
| Animal War Training | 1 | |
| Masonry | 1 | |
| Fragmentation Shards | 1 | |
10 total
» buildings
| Altar of Kings | 2 | |
| Scout Tower | 4 | |
| Barracks | 1 | |
| Farm | 10 | |
| Lumber Mill | 2 | |
| Keep | 1 | |
| Guard Tower | 4 | |
| Blacksmith | 1 | |
| Arcane Vault | 1 | |
| Gryphon Aviary | 1 | |
| Castle | 1 | |
| Town Hall | 2 | |
| Workshop | 1 | |
| Black Citadel | 1 | |
| Sacrificial Pit | 1 | |
| Arcane Sanctum | 1 | |
| Arcane Tower | 1 | |
35 total
» build order
00:48 Altar of Kings
00:52 Scout Tower
00:55 Barracks
01:00 Farm
01:39 Farm
01:44 Lumber Mill
02:19 Farm
03:01 Farm
03:14 Keep
04:04 Scout Tower
04:33 Guard Tower
04:37 Blacksmith
05:01 Arcane Vault
06:07 Gryphon Aviary
06:31 Castle
07:23 Town Hall
08:55 Guard Tower
09:30 Guard Tower
10:20 Guard Tower
10:39 Workshop
12:08 Farm
12:45 Black Citadel
13:13 Sacrificial Pit
13:24 Farm
14:40 Farm
14:59 Farm
17:01 Farm
18:29 Farm
18:46 Arcane Sanctum
21:28 Scout Tower
21:51 Arcane Tower
22:38 Town Hall
23:12 Altar of Kings
23:16 Scout Tower
25:04 Lumber Mill
» items
| Scroll of Regeneration | 3 | |
| Ivory Tower | 3 | |
| Scroll of Town Portal | 4 | |
| Orb of Fire | 1 | |
| Potion of Healing | 1 | |
| Moonstone | 1 | |
| Lesser Clarity Potion | 1 | |
14 total

»
aler (
blue | 44 APM | 1095 actions | 24:58)
3 Demon Hunter
2 Mana Burn
1 Evasion
5 Warden
3 Fan of Knives
2 Shadow Strike
» actions
| Assign group hotkey | 34 | |
| Build / train | 82 | |
| Enter build submenu | 21 | |
| Enter hero's abilities submenu | 8 | |
| Give item / drop item | 2 | |
| Remove unit from queue | 3 | |
| Right click | 358 | |
| Select / deselect | 338 | |
| Select group hotkey | 181 | |
| Use ability | 68 | |
1095 total
» units
| Wisp | 15 | |
| Archer | 16 | |
| Huntress | 6 | |
| Hippogryph | 10 | |
| Crypt Fiend | 1 | |
| Druid of the Talon | 4 | |
| Mountain Giant | 3 | |
55 total
» upgrades
| Hippogryph Taming | 1 | |
| Strength of the Moon | 2 | |
| Improved Bows | 1 | |
| Moon Armor | 1 | |
| Druid of the Talon Training | 2 | |
7 total
» buildings
| Moon Well | 7 | |
| Altar of Elders | 1 | |
| Ancient of War | 2 | |
| Ziggurat | 2 | |
| Graveyard | 1 | |
| Tree of Ages | 1 | |
| Hunter's Hall | 1 | |
| Ancient of Wonders | 1 | |
| Ancient of Wind | 2 | |
| Tree of Life | 1 | |
| Tree of Eternity | 1 | |
| Ancient of Lore | 2 | |
22 total
» build order
00:11 Moon Well
00:18 Altar of Elders
00:30 Ancient of War
01:20 Moon Well
01:55 Ziggurat
01:58 Ziggurat
02:03 Graveyard
02:16 Moon Well
04:10 Tree of Ages
04:50 Hunter's Hall
04:53 Ancient of Wonders
05:12 Moon Well
05:15 Moon Well
07:03 Ancient of Wind
07:43 Tree of Life
10:39 Tree of Eternity
13:58 Ancient of War
14:00 Ancient of Wind
18:21 Tree of Eternity
18:33 Ancient of Lore
18:36 Ancient of Lore
20:10 Moon Well
20:13 Moon Well
» items
| Moonstone | 1 | |
| Scroll of Town Portal | 4 | |
5 total
ilovebageIs (
green | 14 APM | 3 actions | 00:12)
» actions
| Basic commands | 1 | |
| Select / deselect | 2 | |
3 total
sc5 (
orange | 23 APM | 806 actions | 35:09)
3 Blademaster
1 Wind Walk
2 Critical Strike
1 Death Knight
1 Death Coil
1 Dreadlord
1 Sleep
2 Dark Ranger
1 Black Arrow
1 Life Drain
1 Archmage
1 Summon Water Elemental
» actions
| Basic commands | 1 | |
| Build / train | 71 | |
| Enter build submenu | 26 | |
| Enter hero's abilities submenu | 8 | |
| Right click | 349 | |
| Select / deselect | 276 | |
| Use ability | 75 | |
806 total
» units
| Peon | 14 | |
| Ghoul | 3 | |
| Grunt | 10 | |
| Crypt Fiend | 3 | |
| Troll Headhunter/Berserker | 6 | |
| Necromancer | 1 | |
| Wind Rider | 6 | |
43 total
» upgrades
| Cannibalize | 1 | |
| Creature Attack | 1 | |
| Unholy Strength | 1 | |
| Unholy Armor | 1 | |
| Creature Carapace | 1 | |
| Pillage | 1 | |
| Burrow | 1 | |
| Necromancer Training | 1 | |
| Berserker Strength | 1 | |
| Troll Regeneration | 1 | |
| Spiked Barricades | 1 | |
11 total
» buildings
| Altar of Storms | 1 | |
| Orc Burrow | 6 | |
| Altar of Darkness | 1 | |
| Ziggurat | 5 | |
| Crypt | 1 | |
| Barracks | 1 | |
| Spirit Tower | 2 | |
| War Mill | 1 | |
| Tomb of Relics | 1 | |
| Halls of the Dead | 1 | |
| Great Hall | 2 | |
| Stronghold | 1 | |
| Temple of the Damned | 1 | |
| Slaughterhouse | 1 | |
| Sacrificial Pit | 1 | |
| Beastiary | 1 | |
| Spirit Lodge | 1 | |
| Watch Tower | 8 | |
| Guard Tower | 1 | |
| Altar of Elders | 1 | |
38 total
» build order
00:08 Altar of Storms
00:13 Orc Burrow
00:35 Altar of Darkness
00:40 Ziggurat
01:07 Crypt
01:20 Barracks
03:27 Orc Burrow
04:55 Spirit Tower
05:09 Orc Burrow
06:48 Orc Burrow
06:54 War Mill
09:20 Ziggurat
09:26 Tomb of Relics
09:28 Halls of the Dead
10:16 Great Hall
12:57 Great Hall
13:00 Stronghold
13:15 Temple of the Damned
13:18 Spirit Tower
13:52 Slaughterhouse
13:58 Sacrificial Pit
14:02 Ziggurat
14:03 Ziggurat
14:04 Ziggurat
19:50 Beastiary
20:02 Spirit Lodge
20:40 Watch Tower
20:40 Watch Tower
24:57 Watch Tower
24:58 Watch Tower
26:34 Guard Tower
27:34 Orc Burrow
27:35 Orc Burrow
28:33 Altar of Elders
30:38 Watch Tower
30:39 Watch Tower
30:40 Watch Tower
30:41 Watch Tower
Chat log
(00:55 / Allies) WhosGotTheMota: rush
(01:10 / Allies) IM_AFK: may be tough
(01:17 / Allies) WhosGotTheMota: f it
(02:26 / Allies) WhosGotTheMota: meet
(06:52 / Allies) IM_AFK: thanks
(11:51 / Allies) IM_AFK: be right there when i grab a tp
(12:24 / Allies) IM_AFK: \yeaj
(12:27 / Allies) IM_AFK: i said i'm on my way
(12:30 / Allies) IM_AFK: just don't suicide and then blame me for it
(12:32 / Allies) IM_AFK: that's all i'm asking
(12:40 / Allies) WhosGotTheMota: aa?
(12:46 / Allies) IM_AFK: yeah i don't have htat
(12:53 / Allies) WhosGotTheMota: b
(12:54 / Allies) WhosGotTheMota: b
(15:12 / Allies) IM_AFK: we already have melee
(15:16 / Allies) IM_AFK: don't need to make more
(15:25 / Allies) IM_AFK: alright
(15:26 / Allies) IM_AFK: good
(15:26 / Allies) IM_AFK: tanks
(16:45 / Allies) WhosGotTheMota: tp?
(17:03 / Allies) IM_AFK: make a shop too
(17:26 / Allies) IM_AFK: omw
(18:09 / Allies) IM_AFK: cool
(21:07 / Allies) IM_AFK: okay?
(21:11 / Allies) IM_AFK: why?
(21:17 / Allies) WhosGotTheMota: ?
(21:21 / Allies) IM_AFK: you just killed me
(21:22 / Allies) WhosGotTheMota: ?
(21:28 / Allies) IM_AFK: whateer
(21:29 / Allies) WhosGotTheMota: no i did not
(21:32 / Allies) IM_AFK: yeah..
(21:33 / Allies) IM_AFK: oh
(21:35 / Allies) IM_AFK: purps back
(21:36 / Allies) IM_AFK: lol
(21:37 / Allies) WhosGotTheMota: wtf
(21:38 / Allies) ChaOs)vS(OrDeR: :D
(21:58 / Allies) IM_AFK: proceeding to intercept
(22:01 / Allies) IM_AFK: be carfeul with pinks units
(22:05 / Allies) WhosGotTheMota: f u
(22:48 / All) mblaze3: got no team doing the best i can here
(22:52 / All) IM_AFK: I see
(22:57 / All) mblaze3: and it sucks
(23:00 / All) IM_AFK: Purps back and trying to teamkill with pink
(23:19 / Allies) IM_AFK: ok omw back
(23:24 / Allies) WhosGotTheMota: ?
(23:29 / Allies) IM_AFK: it's
(23:30 / Allies) IM_AFK: purp
(23:30 / Allies) WhosGotTheMota: what r u donign
(23:31 / Allies) IM_AFK: he's
(23:32 / Allies) IM_AFK: back
(23:48 / All) ChaOs)vS(OrDeR: All I care about is money and the city that I'm from
(23:53 / Allies) IM_AFK: okay
(24:10 / Allies) WhosGotTheMota: and a big black cock in your gay ass fag
(24:16 / Allies) ChaOs)vS(OrDeR: olol
(24:51 / All) mblaze3: oj has 6000 gold and you see his units
(25:26 / Allies) ChaOs)vS(OrDeR: :)
(25:44 / All) IM_AFK: Props to purp for making it interesting
(28:59 / Allies) IM_AFK: ok
(29:10 / Allies) IM_AFK: just not gonna give up huh?
(30:49 / Allies) ChaOs)vS(OrDeR: Noob.
(30:52 / Allies) ChaOs)vS(OrDeR: :)
(30:58 / Allies) IM_AFK: dude purp you lost lol
(32:22 / Allies) ChaOs)vS(OrDeR: Rofl.
(32:27 / Allies) ChaOs)vS(OrDeR: I stopped clicking retard.
(32:36 / Allies) ChaOs)vS(OrDeR: :)
(32:39 / Allies) IM_AFK: *continues clicking*
(33:06 / Allies) ChaOs)vS(OrDeR: Ok, you win.
(33:09 / All) IM_AFK: gg
(33:10 / Allies) ChaOs)vS(OrDeR: Tired of clicking. :/
(33:14 / Allies) ChaOs)vS(OrDeR: I'll take the win!
(33:16 / Allies) ChaOs)vS(OrDeR: :)
(33:19 / Allies) WhosGotTheMota: go f your sellf
(33:20 / Allies) IM_AFK: whatever
(33:42 / Allies) ChaOs)vS(OrDeR: 'preciate the easy win guys, thanks alot. <3
(33:44 / Allies) IM_AFK: it's not worth the effor to kill all our buildings to give you a loss